Map: 潜水艇-天梯版

Players

Cyan

  • Race: Protoss Protoss
  • League: Master

夜蝶蝶蝶蝶蝶蝶蝶 (Firefly) - Winner!

  • Race: Protoss Protoss

Event: DreamHack SC2 Masters 2020 Winter

VOD

Have the link to the VOD?

Description

Time

  • Played on: Oct. 14, 2020, 8:26 a.m.
  • Length: 10:48

All games in this series

Show
View Real Time Build Order
Export as new Build Order

Cyan Protoss 

Build Orders: Blink Stalkers 

Get SALT Encoding   

  12  0:00  Probe  
  13  0:12  Probe  
  14  0:16  Pylon  
  14  0:24  Probe (Chrono Boost)  
  15  0:36  Probe (Chrono Boost)  
  15  0:39  Gateway  
  16  0:44  Probe (Chrono Boost)  
  16  0:45  Assimilator  
  17  0:51  Probe  
  18  0:58  Assimilator  
  18  1:03  Probe (Chrono Boost)  
  19  1:09  Gateway  
  19  1:13  Probe (Chrono Boost)  
  19  1:18  Probe (Chrono Boost)  
  21  1:28  Cybernetics Core  
  21  1:29  Probe  
  22  1:37  Pylon  
  22  1:41  Probe  
  23  1:55  Probe  
  24  2:04  Stalker x2, Warp Gate  
  24  2:07  Probe  
  29  2:10  Pylon  
  29  2:19  Probe  
  30  2:35  Stalker x2  
  34  2:56  Nexus  
  34  3:07  Stalker  
  34  3:08  Stalker  
  38  3:17  Pylon, Probe  
  39  3:27  Twilight Council  
  39  3:35  Probe  
  40  3:48  Probe  
  41  3:55  Stalker x2  
  43  3:59  Blink (Chrono Boost)  
  43  4:00  Probe  
  44  4:07  Gateway  
  44  4:10  Probe  
  45  4:24  Gateway  
  45  4:26  Stalker  
  46  4:32  Stalker  
  46  4:34  Probe  
  49  4:42  Probe  
  48  4:55  Stalker x2  
  50  5:02  Stalker  
  50  5:03  Shield Battery  
  50  5:19  Stalker x2  
  50  5:20  Stalker  
  50  5:30  Stalker  
  52  5:38  Probe x2  
  47  5:46  Stalker  
  47  5:50  Probe (Chrono Boost)  
  47  5:54  Probe (Chrono Boost)  
  49  5:57  Stalker  
  49  6:01  Probe (Chrono Boost)  
  53  6:04  Probe (Chrono Boost)  
  53  6:05  Probe (Chrono Boost)  
  53  6:08  Pylon  
  54  6:12  Pylon  
  54  6:26  Probe x2  
  56  6:38  Probe x2  
  47  6:40  Stalker x4  
  52  6:50  Probe x2 (Chrono Boost)  
  51  6:55  Charge (Chrono Boost)  
  53  7:02  Probe x2 (Chrono Boost)  
  53  7:05  Robotics Facility  
  53  7:07  Probe (Chrono Boost)  
  53  7:08  Probe (Chrono Boost)  
  54  7:13  Pylon  
  55  7:19  Probe  
  56  7:23  Shield Battery  
  56  7:25  Pylon  
  56  7:26  Sentry  
  56  7:27  Sentry  
  56  7:28  Probe  
  61  7:39  Gateway x2  
  61  7:44  Zealot, Sentry  
  65  7:54  Shield Battery  
  65  7:55  Pylon  
  65  7:57  Zealot  
  67  8:03  Zealot  
  65  8:17  Stalker x3  
  65  8:22  Observer (Chrono Boost)  
  66  8:30  Adept  
  66  8:33  Adept  
  70  8:35  Gateway  
  70  8:37  Gateway, Zealot  
  72  8:44  Zealot x2  
  72  8:46  Zealot  
  76  8:56  Zealot x2  
  76  8:58  Zealot  
  80  9:05  Zealot x2  
  83  9:13  Zealot  
  85  9:18  Zealot x2  
  79  9:28  Stalker x2  
  77  9:32  Pylon  
  77  9:35  Zealot  
  77  9:36  Zealot  
  71  9:41  Zealot  
  71  9:44  Zealot  
  63  9:46  Stalker  
  63  9:52  Zealot x2  
  57  9:58  Zealot  
  51  10:01  Zealot  
  53  10:08  Assimilator  
  53  10:11  Templar Archives  
  53  10:12  Assimilator  
  53  10:13  Sentry  
  55  10:27  Stalker x3  
  61  10:34  Stalker  
  57  10:37  Pylon  
  57  10:42  Stalker  
Show
View Real Time Build Order
Export as new Build Order

夜蝶蝶蝶蝶蝶蝶蝶 Protoss - Winner!

Build Orders:  

Get SALT Encoding   

  12  0:00  Probe  
  13  0:12  Probe  
  14  0:18  Pylon  
  14  0:24  Probe (Chrono Boost)  
  15  0:36  Probe (Chrono Boost)  
  15  0:37  Gateway  
  16  0:45  Probe (Chrono Boost)  
  16  0:47  Assimilator  
  17  0:51  Probe  
  18  0:57  Assimilator  
  18  1:03  Probe  
  19  1:08  Gateway  
  19  1:15  Probe  
  20  1:23  Cybernetics Core  
  20  1:27  Probe  
  21  1:33  Pylon  
  21  1:39  Probe  
  22  1:51  Probe  
  23  2:00  Adept x2  
  27  2:02  Warp Gate (Chrono Boost)  
  27  2:07  Pylon  
  27  2:30  Adept x2  
  27  2:35  Robotics Facility  
  27  2:36  Probe  
  31  3:00  Adept x2  
  35  3:07  Nexus  
  35  3:14  Pylon  
  35  3:28  Immortal (Chrono Boost)  
  39  3:45  Adept x2  
  43  3:58  Warp Prism (Chrono Boost)  
  45  4:05  Sentry  
  43  4:17  Sentry  
  45  4:31  Sentry  
  45  4:32  Probe x2  
  45  4:57  Stalker x2  
  45  4:58  Probe x2  
  51  5:08  Pylon  
  51  5:19  Probe  
  51  5:20  Stalker  
  54  5:26  Immortal (Chrono Boost)  
  54  5:30  Probe  
  49  5:36  Probe  
  49  5:42  Probe  
  43  5:47  Adept x2  
  41  5:51  Probe  
  41  5:55  Probe  
  41  5:56  Pylon  
  41  5:57  Immortal (Chrono Boost)  
  45  6:04  Probe  
  45  6:07  Stalker x2  
  45  6:09  Probe  
  51  6:14  Shield Battery  
  51  6:17  Probe  
  52  6:21  Probe  
  53  6:30  Pylon  
  51  6:35  Stalker x2  
  51  6:36  Probe  
  50  6:43  Probe  
  51  6:47  Immortal (Chrono Boost)  
  51  6:48  Probe  
  51  6:54  Shield Battery  
  52  6:55  Probe  
  54  7:04  Twilight Council  
  54  7:05  Sentry  
  54  7:06  Sentry  
  57  7:09  Pylon  
  57  7:18  Warp Prism  
  59  7:30  Gateway  
  59  7:31  Gateway  
  59  7:32  Gateway  
  59  7:34  Resonating Glaives (Chrono Boost)  
  59  7:40  Gateway  
  59  7:52  Gateway x2  
  59  7:54  Adept  
  59  7:55  Adept  
  61  8:18  Adept x2  
  65  8:26  Adept x2  
  69  8:27  Adept  
  69  8:29  Observer  
  72  8:36  Pylon  
  72  8:38  Adept x3  
  76  8:50  Probe  
  77  8:58  Adept x4  
  73  9:18  Adept  
  73  9:19  Adept x5  
  79  9:27  Warp Prism  
  79  9:30  Probe x2  
  75  9:32  Assimilator  
  75  9:42  Probe  
  70  9:50  Adept x5  
  66  10:06  Adept x2  
  66  10:07  Adept  
  72  10:11  Adept x2  
  72  10:12  Adept  
  78  10:21  Adept x2  
  82  10:43  Adept x2  
Tags
 
Add a new tag
Caveats
  • Supply blocks, unpowered buildings, or Contaminate may cause inaccurate times.
  • Supply counts are checked every 10 seconds.